Map: Ever Dream LE

Players

Future - Winner!

  • Race: Terran Terran
  • Spawn Location: 7:00

Asuna

  • Race: Protoss Protoss
  • League: Master
  • Spawn Location: 1:00

Event: DreamHack SC2 Masters 2020 Fall

VOD

Have the link to the VOD?

Description

Time

  • Played on: Sept. 1, 2020, 5:31 p.m.
  • Length: 3:31

All games in this series

Show
View Real Time Build Order
Export as new Build Order

Future Terran - Winner!

Build Orders:  

Get SALT Encoding   

  12  0:00  SCV  
  13  0:12  SCV  
  14  0:16  Supply Depot  
  14  0:24  SCV  
  15  0:38  Barracks, SCV  
  16  0:43  Refinery  
  16  0:50  SCV  
  17  1:02  SCV  
  18  1:14  SCV  
  19  1:25  Marine  
  20  1:29  Orbital Command  
  20  1:30  Bunker  
  20  1:43  Marine  
  21  1:48  Factory  
  20  1:54  SCV  
  20  2:01  Marine  
  22  2:05  Supply Depot  
  22  2:27  SCV  
  22  2:29  Supply Depot  
  23  2:35  Factory Tech Lab  
  23  2:41  Supply Depot  
  23  2:50  SCV  
  24  2:55  Siege Tank  
  27  3:03  SCV  
  27  3:04  Supply Depot  
  28  3:11  Marine  
  29  3:15  SCV  
Show
View Real Time Build Order
Export as new Build Order

Asuna Protoss 

Build Orders: Cannon Rush 

Get SALT Encoding   

  12  0:00  Probe (Chrono Boost)  
  13  0:10  Probe (Chrono Boost)  
  14  0:15  Probe (Chrono Boost)  
  14  0:21  Pylon  
  15  0:39  Probe  
  15  0:40  Forge  
  16  0:55  Pylon  
  16  1:17  Photon Cannon  
  16  1:18  Pylon  
  16  1:19  Gateway  
  16  1:21  Pylon  
  15  1:44  Probe  
  16  1:58  Photon Cannon x2  
  16  2:00  Photon Cannon  
  15  2:10  Photon Cannon  
  15  2:14  Photon Cannon  
  15  2:15  Photon Cannon  
  15  2:27  Photon Cannon  
  15  2:31  Pylon  
  15  2:37  Photon Cannon  
  15  2:51  Photon Cannon x2  
  15  2:52  Photon Cannon  
  15  2:57  Photon Cannon  
  15  3:02  Photon Cannon  
  14  3:08  Photon Cannon  
  14  3:14  Photon Cannon  
  14  3:20  Photon Cannon  
  14  3:23  Pylon  

Tags
 
Add a new tag
Caveats
  • Supply blocks, unpowered buildings, or Contaminate may cause inaccurate times.
  • Supply counts are checked every 10 seconds.